 Dungeon Crawl Stone Soup version 0.29-a0-451-gfbfa42419e (webtiles) character file.

Game seed: 13182161559082697493

2488 frimble the Magician (level 9, 0/70 HPs)
             Began as a Gnoll Warper on May 20, 2022.
             Was a Believer of Cheibriados.
             Splashed by a jelly's acid (3 damage)
             ... on level 7 of the Dungeon.
             The game lasted 00:08:54 (8558 turns).

frimble the Magician (Gnoll Warper)                 Turns: 8558, Time: 00:08:55

Health: 0/70       AC:  0    Str: 21    XL:     9   Next: 52%
Magic:  24/28      EV: 15    Int: 20    God:    Cheibriados [**....]
Gold:   464        SH:  5    Dex: 16    Spells: 19/21 levels left

rFire   . . .      SeeInvis .   A - +2 rapier (venom)
rCold   . . .      Faith    .   D - +0 buckler
rNeg    . . .      Spirit   .   B - +0 steam dragon scales
rPois   .          Reflect  .   i - +0 helmet
rElec   .          Harm     .   z - +1 cloak
rCorr   .          Rampage  .   (no gloves)
Will    .....                   h - +1 pair of boots
Stlth   +++.......              (no amulet)
HPRegen 0.21/turn               q - ring of magical power
MPRegen 0.21/turn               w - +6 ring of strength

@: corroded, on blink cooldown, very slow
A: fangs 1, strong nose, distributed training
a: Renounce Religion, Bend Time


You were on level 7 of the Dungeon.
You worshipped Cheibriados.
Cheibriados was pleased with you.
You visited 2 branches of the dungeon, and saw 8 of its levels.

You collected 464 gold pieces.

Inventory:

Hand Weapons
 g - a +1 whip of electrocution
 u - a +1 short sword of venom
 x - a +2 short sword of protection
 A - a +2 rapier of venom (weapon)
Missiles
 c - 7 boomerangs of dispersal
 v - 4 boomerangs
Armour
 h - a +1 pair of boots (worn)
 i - a +0 helmet (worn)
 z - a +1 cloak (worn)
 B - +0 steam dragon scales (worn)
 D - a +0 buckler (worn)
Jewellery
 d - a ring of flight
 l - a ring of fire
 q - a ring of magical power (left hand)
 w - a +6 ring of strength (right hand)
 y - a ring of wizardry
 C - a ring of protection from cold
 E - an amulet of the acrobat
Wands
 m - a wand of polymorph (7) (quivered)
Scrolls
 a - 2 scrolls of identify
 b - 2 scrolls of blinking
 o - 2 scrolls of teleportation
 F - a scroll of amnesia
Potions
 e - 2 potions of lignification
 f - a potion of resistance
 j - 2 potions of haste {unknown}
 k - a potion of berserk rage
 n - 4 potions of curing
 p - a potion of might
 r - 2 potions of brilliance {unknown}
 s - 2 potions of cancellation {unknown}
 t - 2 potions of heal wounds {unknown}


   Skills:
 + Level 6.3 Fighting
 + Level 4.3 Short Blades
 + Level 4.3 Long Blades
 + Level 4.3 Axes
 + Level 4.3 Maces & Flails
 + Level 4.3 Polearms
 + Level 4.3 Staves
 + Level 4.3 Slings
 + Level 4.3 Bows
 + Level 4.3 Crossbows
 + Level 5.1 Throwing
 + Level 5.1 Armour
 + Level 6.3 Dodging
 + Level 4.3 Stealth
 + Level 4.3 Shields
 + Level 6.3 Unarmed Combat
 + Level 6.7 Spellcasting
 + Level 3.5 Conjurations
 + Level 3.5 Hexes
 + Level 3.5 Summonings
 + Level 3.5 Necromancy
 + Level 6.6 Translocations
 + Level 3.5 Transmutations
 + Level 3.5 Fire Magic
 + Level 3.5 Ice Magic
 + Level 3.5 Air Magic
 + Level 3.5 Earth Magic
 + Level 3.5 Poison Magic
 + Level 4.7 Invocations
 + Level 4.3 Evocations


You had 19 spell levels left.
You knew the following spells:

 Your Spells              Type           Power      Damage    Failure   Level
a - Blink                 Tloc           66%        N/A       1%          2

Your spell library contained the following spells:

 Spells                   Type           Power      Damage    Failure   Level
 Gell's Gravitas          Tloc           33%        N/A       2%          3
 Lesser Beckoning         Tloc           33%        N/A       2%          3
 Teleport Other           Tloc           33%        N/A       2%          3
 Foxfire                  Conj/Fire      80%        2x1d8     3%          1
 Conjure Flame            Conj/Fire      20%        6-21      9%          3
 Inner Flame              Hex/Fire       20%        N/A       9%          3
 Summon Guardian Golem    Hex/Summ       20%        N/A       9%          3
 Manifold Assault         Tloc           33%        N/A       22%         5
 Flame Wave               Conj/Fire      20%        2d7       28%         4
 Orb of Destruction       Conj           10%        9d6       100%        7
 Spellforged Servitor     Conj/Summ      10%        N/A       100%        7


Dungeon Overview and Level Annotations

Branches:
Dungeon (7/15)             Temple (1/1) D:6

Altars:
Ashenzari
Cheibriados
Dithmenos
Elyvilon
Fedhas
Gozag
Hepliaklqana
Kikubaaqudgha
Makhleb
Nemelex Xobeh
Okawaru
Qazlal
Ru
Trog
Uskayaw
Vehumet
Wu Jian
Yredelemnul
Zin
The Shining One

Shops:
D:1 (   D:4 *


Innate Abilities, Weirdness & Mutations

You have very sharp teeth.
Your uncanny sense of smell can sniff out nearby items.
Your experience applies equally to all skills.


Message History

You blink.
The jelly attacks as you move away! You block the jelly's attack.
You feel stable enough to blink again. The jelly hits you.
The acid corrodes you!
You are splashed with acid!
You hit the jelly but do no damage.
Your hands burn!
The jelly is moderately wounded.
The jelly barely misses you.
You hit the jelly but do no damage.
Your hands burn!
The jelly is moderately wounded.
The jelly completely misses you.
You hit the jelly but do no damage.
The jelly looks even sicker.
Your hands burn!
The jelly is moderately wounded.
The jelly hits you.
You are splashed with acid!
* * * LOW HITPOINT WARNING * * *
Casting: Blink (safe; 1% risk of failure)
Confirm with . or Enter, or press ? or * to list all spells.
You blink.
Okay, then.
You feel stable enough to blink again.
Casting: Blink (safe; 1% risk of failure)
Confirm with . or Enter, or press ? or * to list all spells.
You blink.
Okay, then.
You feel stable enough to blink again.
Casting: Blink (safe; 1% risk of failure)
Confirm with . or Enter, or press ? or * to list all spells.
Okay, then.
Casting: Blink (safe; 1% risk of failure)
Confirm with . or Enter, or press ? or * to list all spells.
You blink.
The jelly misses you.
You hit the jelly. The acid corrodes you!
Your hands burn!
* * * LOW HITPOINT WARNING * * *
The jelly is almost dead.
The jelly hits you.
* * * LOW HITPOINT WARNING * * *
The acid corrodes you!
You are splashed with acid!
* * * LOW HITPOINT WARNING * * *
You hit the jelly but do no damage.
Your hands burn!
You die...

. #...###...^.. #.# ..##...#
......### #.# .....##........
#.# #...........# .###.### ∆
#....##.....##........
####..............##.....
#..................#.....
###.###.##.....J...............
..............@#...............
.............###...............
..........#### #.........##....
..........# ##.........#....
..........# ##........#....
..........# #........#....
..........# #.......#...##
..........# #..#...##.#.##
#..##...#.#.##


You could see a jelly (poisoned).

Vanquished Creatures
  A cyclops (D:7)
  A steam dragon (D:6)
  2 water moccasins (D:6)
  An orc warrior (D:6)
  2 sky beasts (D:7)
  2 ice beasts
  2 phantoms (D:6)
  A centaur (D:6)
  A bullfrog (D:7)
  Blork the orc (D:5)
  A kobold brigand (D:6)
  A necrophage (D:6)
  2 scorpions (D:6)
  A howler monkey (D:2)
  2 hounds
  4 orc priests
  A jelly (D:5)
  4 orc wizards
  4 iguanas
  7 gnolls
  7 adders
  A shadow imp (D:7)
  A white imp (D:7)
  2 worms
  A dart slug (D:7)
  22 orcs
  5 endoplasms
  6 giant cockroaches
  6 goblins
  4 hobgoblins
  13 kobolds
  2 quokkas
  3 ball pythons
  2 bats (D:1)
  3 frilled lizards
  4 rats
123 creatures vanquished.

Vanquished Creatures (others)
  A plant (D:1)
1 creature vanquished.

Grand Total: 124 creatures vanquished

Notes
Turn   | Place    | Note
-------+----------+-------------------------------------------
     0 | D:1      | frimble the Gnoll Warper began the quest for the Orb.
     0 | D:1      | Reached XP level 1. HP: 20/20 MP: 6/6
   342 | D:1      | Reached XP level 2. HP: 26/26 MP: 7/7
   377 | D:1      | Found Jorhie's Weapon Shop.
   679 | D:1      | Learned a level 2 spell: Blink
   818 | D:1      | Found a faded altar of an unknown god.
  1302 | D:2      | Reached skill level 5 in Spellcasting
  1302 | D:2      | Reached XP level 3. HP: 19/31 MP: 7/9
  1998 | D:2      | Reached skill level 1 in Invocations
  2088 | D:3      | Noticed Sigmund
  2090 | D:3      | Noticed Sigmund
  2090 | D:3      | Sigmund changed into Sigmund the howler monkey
  2130 | D:2      | Killed Sigmund the howler monkey
  2131 | D:2      | Reached skill level 1 in Short Blades
  2131 | D:2      | Reached skill level 1 in Long Blades
  2131 | D:2      | Reached skill level 1 in Axes
  2131 | D:2      | Reached skill level 1 in Maces & Flails
  2131 | D:2      | Reached skill level 1 in Polearms
  2131 | D:2      | Reached skill level 1 in Staves
  2131 | D:2      | Reached skill level 1 in Slings
  2131 | D:2      | Reached skill level 1 in Bows
  2131 | D:2      | Reached skill level 1 in Crossbows
  2131 | D:2      | Reached skill level 1 in Stealth
  2131 | D:2      | Reached skill level 1 in Shields
  2131 | D:2      | Reached skill level 1 in Evocations
  2131 | D:2      | Reached XP level 4. HP: 15/38 MP: 11/11
  2347 | D:2      | Reached skill level 1 in Conjurations
  2347 | D:2      | Reached skill level 1 in Hexes
  2347 | D:2      | Reached skill level 1 in Summonings
  2347 | D:2      | Reached skill level 1 in Necromancy
  2347 | D:2      | Reached skill level 1 in Transmutations
  2347 | D:2      | Reached skill level 1 in Fire Magic
  2347 | D:2      | Reached skill level 1 in Ice Magic
  2347 | D:2      | Reached skill level 1 in Air Magic
  2347 | D:2      | Reached skill level 1 in Earth Magic
  2347 | D:2      | Reached skill level 1 in Poison Magic
  2674 | D:3      | Reached XP level 5. HP: 22/43 MP: 12/12
  3310 | D:4      | Found Boxoyffoik's CLEARANCE SALE!.
  3619 | D:4      | Found a sparkling altar of Nemelex Xobeh.
  3620 | D:4      | Found a bloodstained altar of Trog.
  3976 | D:4      | Reached XP level 6. HP: 8/50 MP: 13/13
  4317 | D:5      | Entered Level 5 of the Dungeon
  4576 | D:5      | Noticed Blork the orc
  4582 | D:5      | Killed Blork the orc
  4583 | D:5      | Reached skill level 5 in Fighting
  4583 | D:5      | Reached skill level 5 in Dodging
  4583 | D:5      | Reached skill level 5 in Unarmed Combat
  4842 | D:5      | Noticed an ice beast
  4846 | D:5      | Killed an ice beast
  4847 | D:5      | Reached XP level 7. HP: 56/56 MP: 15/15
  5678 | D:6      | Found a staircase to the Ecumenical Temple.
  5703 | Temple   | Entered the Ecumenical Temple
  6024 | Temple   | Became a worshipper of Cheibriados the Contemplative
  6150 | D:6      | Reached XP level 8. HP: 56/63 MP: 16/16
  6691 | D:6      | Reached * piety under Cheibriados
  7001 | D:6      | HP: 2/59 [poisoned by a gnoll]
  7525 | D:6      | Reached XP level 9. HP: 19/69 MP: 18/18
  7834 | D:7      | Noticed a cyclops
  7916 | D:7      | Killed a cyclops
  7930 | D:7      | Reached skill level 5 in Throwing
  7930 | D:7      | Reached skill level 5 in Armour
  8341 | D:7      | Reached ** piety under Cheibriados
  8557 | D:7      | HP: 3/70 [acid (8)]
  8558 | D:7      | Splashed by a jelly's acid

Illustrated notes

Levels and vault maps discovered:
D:1:      sevenhm_arrival_forest_fort_large_4, layout_loops_ring, serial_shops,
          shop_fountains, hellmonk_ecumenical_altar_run_dry
D:2:      layout_loops_ring, hangedman_decor_clover_reticule
D:3:      layout_basic, uniq_sigmund
D:4:      layout_gridville, minitemple, nicolae_shop_clearance
D:5:      layout_basic, uniq_blork_the_orc
D:6:      layout_rooms, minmay_temple_entry_statues_fountains
D:7:      layout_rooms
Temple:   mainiacjoe_temple_coin_purse

Skill      XL: |  1  2  3  4  5  6  7  8  9 |
---------------+----------------------------+-----
Spellcasting   | 5 6 |  6.7
Invocations    | 1 2 3 4 |  4.7
Short Blades   | 1 2 3 4 |  4.3
Long Blades    | 1 2 3 4 |  4.3
Axes           | 1 2 3 4 |  4.3
Maces & Flails | 1 2 3 4 |  4.3
Polearms       | 1 2 3 4 |  4.3
Staves         | 1 2 3 4 |  4.3
Slings         | 1 2 3 4 |  4.3
Bows           | 1 2 3 4 |  4.3
Crossbows      | 1 2 3 4 |  4.3
Stealth        | 1 2 3 4 |  4.3
Shields        | 1 2 3 4 |  4.3
Evocations     | 1 2 3 4 |  4.3
Conjurations   | 1 2 3 |  3.5
Hexes          | 1 2 3 |  3.5
Summonings     | 1 2 3 |  3.5
Necromancy     | 1 2 3 |  3.5
Transmutations | 1 2 3 |  3.5
Fire Magic     | 1 2 3 |  3.5
Ice Magic      | 1 2 3 |  3.5
Air Magic      | 1 2 3 |  3.5
Earth Magic    | 1 2 3 |  3.5
Poison Magic   | 1 2 3 |  3.5
Throwing       | 3 4 5 |  5.1
Armour         | 3 4 5 |  5.1
Fighting       | 5 6 |  6.3
Dodging        | 5 6 |  6.3
Unarmed Combat | 5 6 |  6.3
Translocations | 6 |  6.6

Action                   |  1- 3 |  4- 6 |  7- 9 || total
-------------------------+-------+-------+-------++-------
Melee: Unarmed           |   104 |    53 |       ||   157
       Bite              |     8 |    17 |    22 ||    47
       Punch             |     1 |     3 |    15 ||    19
       Whip              |       |    87 |    13 ||   100
       Rapier            |       |       |   254 ||   254
 Cast: Blink             |     1 |       |    14 ||    15
Evoke: Wand              |     4 |     3 |     1 ||     8
  Use: Scroll            |     6 |     3 |     4 ||    13
       Potion            |       |     1 |     1 ||     2
 Stab: Confused          |     1 |       |       ||     1
       Sleeping          |     1 |     1 |       ||     2
Armor: Leather armour    |    26 |    28 |   112 ||   166
       Skin              |     4 |       |       ||     4
       Steam dragon scal |       |       |    30 ||    30
Dodge: Dodged            |    74 |    91 |   224 ||   389
Block: Buckler           |       |       |     5 ||     5

Table legend: (Time is in decaauts)
 A = Elapsed time spent in this place.
 B = Non-inter-level travel time spent in this place.
 C = Inter-level travel time spent in this place.
 D = Time resting spent in this place.
 E = Time spent auto-exploring this place.
 F = Levels seen in this place.
 G = Mean time per level.
                   A        B        C        D        E       F      G
               +--------+--------+--------+--------+--------+-----+--------+
         Total |   8745 |   8589 |    156 |    951 |   6329 |   8 | 1093.1 |
       Dungeon |   8145 |   8011 |    134 |    951 |   5799 |   7 | 1163.6 |
        Temple |    599 |    577 |     22 |      0 |    530 |   1 |  599.0 |
               +--------+--------+--------+--------+--------+-----+--------+

Top non-repeatable levels by time:
     D:6: 1695 daAuts
     D:2: 1364 daAuts
     D:5: 1257 daAuts
     D:1: 1188 daAuts
     D:4: 1076 daAuts
     D:7: 886 daAuts
     D:3: 676 daAuts
  Temple: 599 daAuts
